 Dungeon Crawl Stone Soup version 0.23.1 (webtiles) character file.

Game seed: 11602137738545054983

70 Revguard the Twirler (level 4, -3/33 HPs)
             Began as a Draconian Gladiator on Mar 3, 2019.
             Slain by Natasha (5 damage)
             ... on level 2 of the Dungeon.
             The game lasted 00:02:26 (870 turns).

Revguard the Twirler (Draconian Gladiator)           Turns: 870, Time: 00:02:26

Health: -3/33      AC:  5    Str: 14    XL:     4   Next: 4%
Magic:  5/5        EV: 13    Int:  9    God:
Gold:   24         SH:  0    Dex: 13    Spells: 5/5 levels left

rFire    . . .     SeeInvis .   a - +0 quarterstaff
rCold    . . .     Gourm    .   (shield currently unavailable)
rNeg     . . .     Faith    .   (armour unavailable)
rPois    .         Spirit   .   b - +0 hat
rElec    .         Reflect  .   (no cloak)
rCorr    .         Harm     .   (no gloves)
MR       .....                  (no boots)
Stlth    +.........             (no amulet)
HPRegen  0.11/turn              (no ring)
MPRegen  0.09/turn              (no ring)

@: no status effects
A: unfitting armour, frail 1, weak 1, cold-blooded, MP-powered wands, AC +5
a: no special abilities


You were on level 2 of the Dungeon.
You were not hungry.

You visited 1 branch of the dungeon, and saw 2 of its levels.

You collected 24 gold pieces.

Inventory:

Hand Weapons
 a - a +0 quarterstaff (weapon)
Missiles
 c - 3 throwing nets (quivered)
Armour
 b - a +0 hat (worn)
Scrolls
 f - a scroll of identify {unknown}
 g - a scroll of magic mapping {unknown}
Potions
 e - a potion of haste
Comestibles
 d - a ration


   Skills:
 + Level 2.6 Fighting
 + Level 3.8 Staves
 - Level 1.7 Throwing
 + Level 3.3 Dodging
 * Level 1.3 Spellcasting


You had 5 spell levels left.
You didn't know any spells.
Your spell library was empty.

Dungeon Overview and Level Annotations

Branches:
Dungeon (1/15)

Altars:

Annotations:
D:2 Natasha


Innate Abilities, Weirdness & Mutations

Your plain brown scales are hard. (AC +5)
You cannot fit into any form of body armour.
You are cold-blooded and may be slowed by cold attacks.
You are frail. (-10% HP)
You are weak. (Str -2)
You expend magic power (3 MP) to strengthen your wands.


Message History

Natasha mumbles some strange words.
Natasha howls an incantation.
You feel disoriented. The white imp gestures at you.
The puff of frost hits you! The white imp gestures at you.
The puff of frost hits you.
You sock Natasha!
Natasha is severely wounded.
Natasha casts a spell.
You barely miss Natasha.
Natasha is severely wounded.
Natasha completely misses you. The white imp gestures at you.
The puff of frost hits you!
* * * LOW HITPOINT WARNING * * *
You miss Natasha.
Natasha is severely wounded.
Natasha claws you.
You die...

#.#.......## #..##
#.##.....## #.## #.
##...## #.### # #.
##'# #...# #.###.##
#.# #.#.# ......#
#.# #....
#.##...###.##
######.#
#....5......####.##
#.#
#....h@...........#
#.#
#.....5.....####.##
#.# ####...###<##
#.####.# #...# ###
#......# #####
########


You could see Natasha, a white imp and a shadow imp.

Vanquished Creatures
  Jessica (D:2)
  3 gnolls (D:2)
  A dart slug (D:1)
  A giant cockroach (D:1)
  2 goblins (D:2)
  2 jackals (D:2)
  A frilled lizard (D:2)
  3 kobolds (D:2)
  2 rats
16 creatures vanquished.

Notes
Turn   | Place    | Note
-------+----------+-------------------------------------------
     0 | D:1      | Revguard the Draconian Gladiator began the quest for the
                  | Orb.
     0 | D:1      | Reached XP level 1. HP: 17/17 MP: 1/1
   127 | D:1      | You fall through a shaft!
   346 | D:2      | Noticed Jessica
   354 | D:2      | Killed Jessica
   354 | D:2      | Reached skill level 1 in Spellcasting
   354 | D:2      | Reached XP level 2. HP: 25/25 MP: 1/3
   354 | D:2      | Reached XP level 3. HP: 30/30 MP: 1/4
   498 | D:2      | Gained mutation: You are weak. (Str -2) [potion of
                  | mutation]
   498 | D:2      | Gained mutation: You are frail. (-10% HP) [potion of
                  | mutation]
   498 | D:2      | Gained mutation: You expend magic power (3 MP) to
                  | strengthen your wands. [potion of mutation]
   725 | D:2      | Reached XP level 4. HP: 32/33 MP: 5/5
   863 | D:2      | Noticed Natasha
   870 | D:2      | Slain by Natasha

Skill      XL: |  1 |
---------------+----+-----
Dodging        | 3 |  3.3
Spellcasting   | 1 |  1.3
Fighting       | |  2.6
Staves         | |  3.8
Throwing       | |  1.7

Action                   |  1- 3 |  4- 6 || total
-------------------------+-------+-------++-------
Melee: Quarterstaff      |    48 |    13 ||    61
       Tailslap          |     4 |       ||     4
  Use: Potion            |     2 |       ||     2
Armor: Skin              |     8 |     3 ||    11
Dodge: Dodged            |    28 |     9 ||    37
